 Dungeon Crawl Stone Soup version 0.20.1-1-g8b1a95d (webtiles) character file.

6126 letownia2 the Reanimator (level 10, -5/81 HPs)
             Began as a Deep Dwarf Necromancer on Nov 12, 2017.
             Was an Initiate of Gozag.
             Slain by an orc warrior
             ... wielding a +0 halberd
              (9 damage)
             ... on level 10 of the Dungeon.
             The game lasted 00:32:30 (8784 turns).

letownia2 the Reanimator (Deep Dwarf Necromancer)   Turns: 8784, Time: 00:32:31

Health: -5/81      AC:  7    Str: 13    XL:     10   Next: 59%
Magic:  2/22       EV: 12    Int: 18    God:    Gozag
Gold:   117        SH:  0    Dex: 13    Spells: 21/25 levels left

rFire    . . .     SeeInvis .   a - +1 hand axe (elec)
rCold    + . .     Gourm    .   (no shield)
rNeg     . . .     Faith    .   d - +0 ring mail
rPois    .         Spirit   .   G - +0 hat
rElec    .         Reflect  .   W - +0 cloak
rCorr    +         Harm     .   s - +0 pair of gloves
MR       +....                  (no boots)
Stlth    +.........             (no amulet)
Regen    0.0/turn               C - ring of resist corrosion
MPRegen  0.2/turn               T - ring of protection from cold

@: lethally poisoned (-5 -> -5), gold aura, non-regenerating
A: damage resistance, heal wounds, sense surroundings 2, no regeneration
a: Heal Wounds, Potion Petition, Call Merchant, Bribe Branch, Renounce Religion


You were on level 10 of the Dungeon.
You worshipped Gozag.
Gozag was aware of your devotion.
You were full.

You visited 1 branch of the dungeon, and saw 10 of its levels.

You collected 1576 gold pieces.
You paid 1459 gold pieces to Gozag.

Inventory:

Hand Weapons
 a - a +1 hand axe of electrocution (weapon)
 b - a +2 war axe of draining
 g - a +4 whip of draining
 m - a +0 bardiche
 n - a +2 scimitar of flaming
 t - a +2 halberd of protection
 K - a +1 war axe of freezing
 M - a cursed +0 battleaxe
Missiles
 E - 2 curare-tipped needles
Armour
 d - a +0 ring mail (worn)
 s - a +0 pair of gloves (worn)
 w - a +2 shield
 G - a +0 hat (worn)
 H - a +0 scale mail
 J - a +1 leather armour of fire resistance
 L - a +2 leather armour of cold resistance
 W - a +0 cloak (worn)
Magical Staves
 U - an uncursed staff of energy
Jewellery
 B - an uncursed amulet of harm
 C - a ring of resist corrosion (left hand)
 T - a ring of protection from cold (right hand)
Wands
 q - a wand of polymorph (12/24)
 O - a wand of acid (8/15)
 R - a wand of flame (39/48)
 V - a wand of iceblast (3/15)
Scrolls
 f - 2 scrolls of amnesia
 i - 2 scrolls of identify
 j - 6 scrolls of teleportation
 p - 3 scrolls of remove curse
 x - 4 scrolls of recharging {unknown}
 y - 2 scrolls of blinking {unknown}
 A - 2 scrolls of magic mapping {unknown}
 D - a scroll of enchant weapon {unknown}
 P - a scroll of immolation {unknown}
 Q - 2 scrolls of fog {unknown}
 Z - a scroll of random uselessness {unknown}
Potions
 e - 2 potions of brilliance
 h - a potion of ambrosia
 k - 3 potions of cancellation
 l - 2 potions of haste
 o - 2 potions of mutation
 v - 4 potions of flight {unknown}
 z - 2 potions of heal wounds
 F - 3 potions of lignification
 I - 2 potions of curing
 S - 3 potions of agility
Books
 N - a book of Frost

   Spells                             Type                      Level
   a - Freeze                         Ice                          1
   b - Throw Frost                    Conjuration/Ice              2
   c - Ozocubu's Armour               Charms/Ice                   3
   d - Throw Icicle                   Conjuration/Ice              4
   e - Summon Ice Beast               Ice/Summoning                4
Comestibles
 c - 8 bread rations


   Skills:
 + Level 2.7 Fighting
 + Level 7.7 Axes
 + Level 3.1 Armour
 - Level 4.6 Dodging
 - Level 2.4 Stealth
 - Level 8.4 Spellcasting
 + Level 9.3 Necromancy
 - Level 6.0 Evocations


You had 21 spell levels left.
You knew the following spells:

 Your Spells              Type           Power        Failure   Level  Hunger
a - Pain                  Necr           ####         1%          1    None
v - Vampiric Draining     Necr           #####.....   1%          3    None


Dungeon Overview and Level Annotations

Branches:
Dungeon (10/15)            Temple (0/1) D:6            Lair (0/6) D:8
    Orc: D:9-12

Altars:
Gozag
Hepliaklqana
Kikubaaqudgha
Nemelex Xobeh
Ru
Uskayaw
Vehumet
Xom
The Shining One

Shops:
D:6 [   D:9 [%

Annotations:
D:9 exclusion: troll


Innate Abilities, Weirdness & Mutations

You are resistant to damage.
You can heal yourself by infusing magical energy.
You passively map the area around you.
You do not regenerate.


Message History

Unknown command.
Unknown command.
Unknown command.
The centaur wields an uncursed shortbow.
The centaur shoots an arrow.
The arrow closely misses you.
The orc shouts!
Unknown command.
An orc comes into view. It is wielding a club.
Unknown command.
The bullfrog skeleton hits you.
The centaur shoots an arrow.
The arrow hits you.
There is a stone staircase leading up here.
You see here an arrow.
Unknown command.
The bullfrog skeleton misses you. The orc hits you but does no damage.
The bullfrog skeleton completely misses you.
The orc barely misses you.
The orc warrior hits you from afar with a halberd!
You die...
Your body crumbles into a pile of gold.

,, , .$,,.. .. * ,
,,, ..#...#.# *, *
* **..#.#.$# * * *
, #####>..o.####,
,
*###.............
* , ,,
.......=..(.# * ,
,* #.......o..## *
#.....o)Z...## ,
#..$(ooo@....# *
#.....#..o.....#
...#!###(.c.....#
...............##
#..###..#.......#
#. ,...##.......#
,.,....#*#.......#
.....* ##..>.(##
,,, .... ##...##


You could see an orc warrior, a centaur, an orc priest, 5 orcs and a bullfrog
skeleton.

Vanquished Creatures
  Erica (D:8)
  A two-headed ogre (D:8)
  Pikel (D:8)
  Maurice (D:8)
  Sigmund (D:2)
  Eustachio (D:6)
  A spriggan (D:7)
  A water moccasin (D:10)
  A hell hound (D:8)
  2 ice beasts
  2 sky beasts
  A hornet zombie (D:7)
  An orc warrior (D:6)
  3 slaves
  2 phantoms (D:7)
  8 ogres
  A big kobold (D:7)
  4 bullfrogs
  A scorpion (D:6)
  8 wights
  2 howler monkeys (D:7)
  2 crimson imps
  A quasit (D:9)
  A centaur zombie (D:5)
  2 bullfrog skeletons
  5 hounds
  6 orc priests
  3 orc wizards
  Jessica (D:2)
  4 iguanas
  Terence (D:2)
  6 worker ants
  A hound zombie (D:9)
  A hound skeleton (D:6)
  Robin (D:2)
  A worker ant zombie (D:4)
  A howler monkey skeleton (D:8)
  6 adders
  3 gnolls (D:4)
  4 shadow imps
  2 oozes
  An adder zombie (D:9)
  4 worms
  3 dart slugs
  3 leopard geckos
  26 orcs
  3 ball pythons
  3 bats
  8 giant cockroaches
  23 goblins
  10 hobgoblins
  2 jackals (D:3)
  4 quokkas
  11 frilled lizards
  10 kobolds
  A leopard gecko skeleton (D:5)
  A leopard gecko zombie (D:5)
  14 rats
223 creatures vanquished.

Notes
Turn   | Place    | Note
-------+----------+-------------------------------------------
     0 | D:1      | letownia2 the Deep Dwarf Necromancer began the quest for the Orb.
     0 | D:1      | Reached XP level 1. HP: 15/15 MP: 3/3
   188 | D:2      | Reached XP level 2. HP: 22/22 MP: 0/5
   278 | D:3      | Reached skill level 5 in Necromancy
   278 | D:3      | Reached XP level 3. HP: 8/28 MP: 0/6
   291 | D:2      | Learned a level 3 spell: Vampiric Draining
   545 | D:4      | Noticed an ogre
   955 | D:3      | Reached XP level 4. HP: 20/36 MP: 0/7
  1426 | D:4      | Reached skill level 6 in Necromancy
  1569 | D:4      | Reached skill level 1 in Armour
  1643 | D:4      | Reached XP level 5. HP: 37/42 MP: 1/8
  2190 | D:4      | Reached XP level 6. HP: 34/49 MP: 2/9
  2246 | D:4      | Found a hazy altar of Hepliaklqana.
  2246 | D:4      | Found an ancient bone altar of Kikubaaqudgha.
  2252 | D:4      | Found a glowing golden altar of the Shining One.
  2254 | D:4      | Found a sparkling altar of Nemelex Xobeh.
  2255 | D:4      | Found a sacrificial altar of Ru.
  2291 | D:4      | Reached skill level 7 in Necromancy
  2463 | D:5      | Entered Level 5 of the Dungeon
  2530 | D:5      | Found an opulent altar of Gozag.
  2537 | D:5      | Became a worshipper of Gozag Ym Sagoz the Greedy
  2562 | D:5      | Reached XP level 7. HP: 31/55 MP: 0/12
  3080 | D:2      | Noticed Robin
  3097 | D:2      | Killed Robin
  3244 | D:2      | Noticed Jessica
  3247 | D:2      | Killed Jessica
  3249 | D:2      | Noticed Sigmund
  3254 | D:2      | Noticed Terence
  4023 | D:2      | Killed Terence
  4574 | D:2      | Killed Sigmund
  4574 | D:2      | Reached skill level 5 in Spellcasting
  4641 | D:4      | Reached XP level 8. HP: 35/62 MP: 0/16
  5001 | D:5      | Reached skill level 8 in Necromancy
  5264 | D:6      | Found a hide-covered altar of Uskayaw.
  5354 | D:6      | Reached skill level 1 in Axes
  5378 | D:6      | Noticed Eustachio
  5392 | D:6      | Killed Eustachio
  5392 | D:6      | Reached skill level 1 in Fighting
  5799 | D:6      | Found a staircase to the Ecumenical Temple.
  6083 | D:7      | Gained mutation: You passively map the area around you. [Deep Dwarf growth]
  6083 | D:7      | Reached XP level 9. HP: 36/73 MP: 10/19
  6322 | D:7      | Reached skill level 9 in Necromancy
  6629 | D:7      | Reached skill level 1 in Evocations
  6934 | D:8      | Found a radiant altar of Vehumet.
  6954 | D:8      | Found a shimmering altar of Xom.
  6960 | D:8      | Noticed Maurice
  6968 | D:8      | Killed Maurice
  6968 | D:8      | Reached skill level 5 in Axes
  7128 | D:8      | Noticed a two-headed ogre
  7137 | D:8      | Killed a two-headed ogre
  7137 | D:8      | Reached XP level 10. HP: 64/81 MP: 2/21
  7173 | D:8      | Noticed Erica
  7249 | D:8      | Noticed Pikel
  7471 | D:8      | Killed Pikel
  7471 | D:8      | Reached skill level 5 in Evocations
  7534 | D:8      | Killed Erica
  7728 | D:8      | Found a staircase to the Lair.
  8151 | D:9      | Found Hooseunu's Food Boutique.
  8713 | D:10     | Entered Level 10 of the Dungeon
  8780 | D:10     | HP: 4/81 [orc warrior/halberd (17)]
  8784 | D:10     | Slain by an orc warrior

Skill      XL: |  1  2  3  4  5  6  7  8  9 10 |
---------------+-------------------------------+-----
Spellcasting   | 2 3 5 7 8 |  8.4
Necromancy     | 5 6 7 8 9 |  9.3
Armour         | 1 3 |  3.1
Axes           | 2 5 7 |  7.7
Fighting       | 2 |  2.7
Evocations     | 4 6 |  6.0
Dodging        | 4 |  4.6
Stealth        | |  2.4

Action                   |  1- 3 |  4- 6 |  7- 9 | 10-12 || total
-------------------------+-------+-------+-------+-------++-------
Melee: Spear             |    29 |    61 |       |       ||    90
       Halberd           |       |    36 |   146 |       ||   182
       War axe           |       |       |    98 |       ||    98
       Hand axe          |       |       |    89 |    79 ||   168
 Cast: Pain              |    24 |    45 |    82 |     5 ||   156
       Vampiric Draining |     9 |    26 |   101 |    33 ||   169
Invok: Call Merchant     |       |       |     1 |     1 ||     2
Evoke: Wand              |       |       |     6 |     2 ||     8
  Use: Scroll            |       |       |     3 |    10 ||    13
 Stab: Sleeping          |       |     2 |     1 |       ||     3
       Distracted        |       |     1 |     1 |       ||     2
  Eat: Chunk             |     2 |     8 |       |     2 ||    12
       Fruit             |       |       |     5 |     6 ||    11
       Royal jelly       |       |       |     5 |       ||     5
       Bread ration      |       |       |     1 |     1 ||     2
Armor: Ring mail         |    11 |    45 |   166 |    32 ||   254
Dodge: Dodged            |    25 |    92 |   283 |    60 ||   460
